 Dungeon Crawl Stone Soup version 0.31-a0-543-geaa9c7a2c0 (webtiles) character file.

Game seed: 8441823396293238646

42 Gargoyl the Trooper (level 3, -2/24 HPs)
             Began as a Gargoyle Berserker on Aug 15, 2023.
             Was a Believer of Trog.
             Slain by a worm (9 damage)
             ... on level 2 of the Dungeon.
             The game lasted 00:01:21 (1150 turns).

Gargoyl the Trooper (Gargoyle Berserker)            Turns: 1150, Time: 00:01:22

Health: -2/24      AC:  5    Str: 26    XL:     3   Next: 56%
Magic:  3/3        EV: 12    Int:  7    God:    Trog [**....]
Gold:   124        SH:  0    Dex: 11    Spells: 2/2 levels left

rFire   . . .        a - +0 hand axe
rCold   . . .        (no shield)
rNeg    + . .        b - +0 animal skin
rPois   ∞            (no helmet)
rElec   +            (no cloak)
rCorr   .            (no gloves)
SInv    .            (no boots)
Will    .....        (no amulet)
Stlth   +            c - +6 ring of strength
HPRegen 0.24/turn    (no ring)
MPRegen 0.08/turn

%: no passive effects
@: no status effects
A: sickness immunity, AC +3, negative energy resistance 1, electricity
resistance, torment resistance 1, petrification resistance
a: Renounce Religion, Berserk, Trog's Hand


You were on level 2 of the Dungeon.
You worshipped Trog.
Trog was pleased with you.
You visited 1 branch of the dungeon, and saw 2 of its levels.

You collected 124 gold pieces.

Inventory:

Hand Weapons
 a - a +0 hand axe (weapon)
Armour
 b - a +0 animal skin (worn)
Jewellery
 c - a +6 ring of strength (left hand)
Scrolls
 d - 2 scrolls of teleportation
Potions
 f - a potion of lignification


   Skills:
 + Level 3.7 Fighting
 + Level 3.4 Axes
 + Level 2.2 Armour
 + Level 2.0 Dodging
 + Level 0.3 Stealth


You had 2 spell levels left.
You didn't know any spells.
Your spell library was empty.

Dungeon Overview and Level Annotations

Branches:
Dungeon (2/15)

Altars:

Shops:
D:1 :


Innate Abilities, Weirdness & Mutations

You are immune to sickness and miasma.
Your stone body is resilient. (AC +3)
You are immune to poison.
You resist negative energy. (rN+)
You are resistant to electric shocks. (rElec)
You are resistant to unholy torment.
You are immune to petrification.


Message History

Found a book of Burglary.
A bat comes into view.
A bat is nearby!
An endoplasm comes into view.
The bat barely misses you.
You closely miss the bat. The bat hits you but does no damage.
The bat closely misses you.
A worm comes into view.
The bat hits you. The bat hits you but does no damage.
You barely miss the bat. The bat barely misses you.
You hit the bat.
The bat is moderately wounded.
The bat barely misses you. x2
You hit the bat.
You kill the bat!
Trog accepts your kill.
You see here a bat corpse.
You hit the worm.
The worm is lightly wounded.
You barely miss the worm.
The worm is lightly wounded.
The worm bites you.
You hit the worm.
The worm is lightly wounded.
You slash the worm!
The worm is severely wounded.
The worm bites you!
You barely miss the worm.
The worm is heavily wounded.
The worm bites you!
* * * LOW HITPOINT WARNING * * *
You hit the worm.
The worm is severely wounded.
You hit the worm.
The worm is severely wounded.
The worm barely misses you.
You hit the worm.
The worm is almost dead.
The worm bites you!
You die...

##### #...#
#...## '....# #.
#....#.#
##≈.≈###....#...
..≈J≈..@w.......
##≈.≈###.##.#.#
#≈≈≈###.##.#.#
.............#
.#####.....###
#.....#
#.####.....#
#..........# #.#
#####......#


You could see a worm and an endoplasm.

Vanquished Creatures
  5 ball pythons (D:1)
  2 endoplasms (D:1)
  2 goblins (D:1)
  4 hobgoblins (D:1)
  10 jackals (D:1)
  2 kobolds (D:1)
  A quokka (D:1)
  5 bats
  3 frilled lizards (D:1)
  4 rats (D:1)
38 creatures vanquished.

Notes
Turn   | Place    | Note
-------+----------+-------------------------------------------
     0 | D:1      | Gargoyl the Gargoyle Berserker began the quest for the Orb.
     0 | D:1      | Reached XP level 1. HP: 14/14 MP: 1/1
   143 | D:1      | Reached XP level 2. HP: 19/19 MP: 2/2
   324 | D:1      | Reached XP level 3. HP: 24/24 MP: 3/3
   421 | D:1      | Reached ** piety under Trog
   587 | D:1      | Found Tafam's Vocational Training.
  1150 | D:2      | Slain by a worm

Illustrated notes

Levels and vault maps discovered:
D:1:      dpeg_arrival_signposts, layout_basic, nicolae_shop_vocational
D:2:      layout_basic, chequers_serial_rivers_micro_d

Skill      XL: |  1  2  3 |
---------------+----------+-----
Axes           | 3 |  3.4
Dodging        | 2 |  2.0
Fighting       | |  3.7
Armour         | |  2.2
Stealth        | |  0.3

Action                     || total
---------------------------++-------
  Melee: Hand axe          ||    95
         Punch             ||     1
    Use: Scroll            ||     3
   Stab: Sleeping          ||     1
 Armour: Animal skin       ||    46
  Dodge: Dodged            ||   118

Table legend: (Time is in decaauts)
 A = Elapsed time spent in this place.
 B = Non-inter-level travel time spent in this place.
 C = Inter-level travel time spent in this place.
 D = Time resting spent in this place.
 E = Time spent auto-exploring this place.
 F = Levels seen in this place.
 G = Mean time per level.
                   A        B        C        D        E       F      G
               +--------+--------+--------+--------+--------+-----+--------+
         Total |   1162 |   1119 |     43 |      0 |    827 |   2 |  581.0 |
       Dungeon |   1162 |   1119 |     43 |      0 |    827 |   2 |  581.0 |
               +--------+--------+--------+--------+--------+-----+--------+

Top non-repeatable levels by time:
     D:1: 1024 daAuts
     D:2: 138 daAuts
